 Dungeon Crawl Stone Soup version 0.31-a0-18-gea43df2a32 (webtiles) character file.

Game seed: 16195112768257550943

46 graymark the Trooper (level 3, -1/34 HPs)
             Began as a Naga Fighter on May 12, 2023.
             Slain by a gnoll
             ... wielding a +0 whip
              (6 damage)
             ... on level 2 of the Dungeon.
             The game lasted 00:03:20 (1280 turns).

graymark the Trooper (Naga Fighter)                 Turns: 1280, Time: 00:03:20

Health: -1/34      AC:  4    Str: 20    XL:     3   Next: 68%
Magic:  3/3        EV:  8    Int:  8    God:
Gold:   66         SH:  4    Dex: 10    Spells: 2/2 levels left

rFire   . . .        a - +0 war axe
rCold   . . .        c - +0 buckler
rNeg    . . .        k - +0 ring mail
rPois   +            (no helmet)
rElec   .            (no cloak)
rCorr   .            (no gloves)
SInv    +            (no barding)
Will    .....        (no amulet) Stlth
                     (no ring)
HPRegen 0.25/turn    (no ring)
MPRegen 0.08/turn

%: no passive effects
@: very slow
A: AC +1, large, see invisible, deformed body, poison resistance, slowness 2,
spit poison 1, naga tail 1
a: Spit Poison


You were on level 2 of the Dungeon.
You visited 1 branch of the dungeon, and saw 2 of its levels.

You collected 66 gold pieces.

Inventory:

Hand Weapons
 a - a +0 war axe (weapon)
Missiles
 i - 11 stones
 n - 6 atropa-tipped darts
Armour
 b - a +0 scale mail
 c - a +0 buckler (worn)
 k - a +0 ring mail (worn)
Jewellery
 g - a ring of willpower
Scrolls
 h - 2 scrolls of identify {unknown}
Potions
 d - a potion of might
 e - 3 potions of brilliance {unknown}
 f - a potion of curing {unknown}
 j - a potion of cancellation {unknown}
 l - a potion of degeneration {unknown}
 m - a potion of heal wounds {unknown}


   Skills:
 + Level 3.4 Fighting
 + Level 2.5 Axes
 + Level 2.7 Armour
 * Level 0.6 Dodging
 + Level 3.0 Shields


You had 2 spell levels left.
You didn't know any spells.
Your spell library was empty.

Dungeon Overview and Level Annotations

Branches:
Dungeon (2/15)

Altars:


Innate Abilities, Weirdness & Mutations

Your serpentine skin is tough. (AC +1)
You have supernaturally acute eyesight. (SInv)
Armour fits poorly on your strangely shaped body.
Your system is resistant to poisons. (rPois)
You cover ground very slowly.
You can spit poison.
You have a snake-like lower body.


Message History

You kill the bat!
No target in view!
No target in view!
You see here 6 atropa-tipped darts.
n - 6 atropa-tipped darts HP restored.
A bat comes into view.
The bat moves out of view.
A rat comes into view.
A rat is nearby! 2 gnolls come into view.
The gnoll shouts! x2
You closely miss the rat. You hit the plant.
The plant begins to die.
The rat bites you but does no damage. The rat bites you.
You hit the rat.
You kill the rat!
You hit the plant but do no damage.
The gnoll hits the plant with a +0 whip.
The plant begins to die.
A goblin comes into view. It is wielding a +0 club.
The goblin shouts!
You hear a shout!
A nearby plant withers and dies.
A gnoll comes into view. It is wielding a +0 halberd.
The gnoll hits the plant with a +0 halberd!
The gnoll hits you with a +0 flail.
The gnoll shouts!
The gnoll hits the plant with a +0 halberd!
The plant begins to die.
The gnoll attacks as you move away! The gnoll hits you with a +0 whip.
A nearby plant withers and dies.
Something hits the plant.
The gnoll attacks as you move away! The gnoll barely misses you.
A nearby plant withers and dies.
The gnoll throws a throwing net.
You block the throwing net. The gnoll hits you with a +0 flail!
You see here a throwing net.
The gnoll attacks as you move away! The gnoll hits you with a +0 whip.
* * * LOW HITPOINT WARNING * * *
Found a dagger.
The gnoll hits you with a +0 flail.
* * * LOW HITPOINT WARNING * * *
The gnoll hits you with a +0 whip.
You die...

.. ###### #.# ## # .....#
#.# #.. ####.# ###.# #.#
####.# #...####.#### ..
.....###...........###..
####............##......
...........†............
.P....PP.....P..@.P.P... .
.♣♣♣P..♣♣♣..P♣♣♣ggP♣♣♣).#..
♣...♣ ♣...♣ ♣(..♣ ..^.
♣P..♣♣♣...♣♣♣g.g♣♣♣..#..
................P..........
...........................
......................P..##
.♣♣ ..♣♣♣...♣♣♣P..♣♣♣...#
.♣ .. ♣..P♣ ♣P..♣ ..##


You could see 3 gnolls and a goblin.

Vanquished Creatures
  An adder (D:2)
  5 ball pythons
  An endoplasm (D:1)
  3 giant cockroaches
  6 goblins (D:1)
  2 hobgoblins (D:1)
  3 jackals (D:1)
  2 kobolds
  2 bats
  6 frilled lizards (D:1)
  3 rats
34 creatures vanquished.

Notes
Turn   | Place    | Note
-------+----------+-------------------------------------------
     0 | D:1      | graymark the Naga Fighter began the quest for the Orb.
     0 | D:1      | Reached XP level 1. HP: 21/21 MP: 1/1
   241 | D:1      | Reached XP level 2. HP: 16/28 MP: 2/2
   778 | D:1      | Reached XP level 3. HP: 34/34 MP: 3/3
  1280 | D:2      | Slain by a gnoll

Illustrated notes

Levels and vault maps discovered:
D:1:      minmay_arrival_up_and_down, layout_basic, minmay_misc_feat_chi,
          minmay_pentomino_v2
D:2:      layout_loops_ring, serial_shops, nicolae_shop_back_alley_shop,
          basic_altar, minmay_stone_trees_small, minmay_liquid_box,
          eino_tiny_chamber, kennysheep_boxes, uniq_robin

Skill      XL: |  1  2 |
---------------+-------+-----
Shields        | 3 |  3.0
Fighting       | |  3.4
Axes           | |  2.5
Armour         | |  2.7
Dodging        | |  0.6

Action                     || total
---------------------------++-------
  Melee: War axe           ||   101
Ability: Spit Poison       ||     2
 Armour: Scale mail        ||    33
         Ring mail         ||    14
  Dodge: Dodged            ||    49
  Block: Buckler           ||    23

Table legend: (Time is in decaauts)
 A = Elapsed time spent in this place.
 B = Non-inter-level travel time spent in this place.
 C = Inter-level travel time spent in this place.
 D = Time resting spent in this place.
 E = Time spent auto-exploring this place.
 F = Levels seen in this place.
 G = Mean time per level.
                   A        B        C        D        E       F      G
               +--------+--------+--------+--------+--------+-----+--------+
         Total |   1709 |   1643 |     66 |     78 |   1238 |   2 |  854.5 |
       Dungeon |   1709 |   1643 |     66 |     78 |   1238 |   2 |  854.5 |
               +--------+--------+--------+--------+--------+-----+--------+

Top non-repeatable levels by time:
     D:1: 1594 daAuts
     D:2: 115 daAuts
